 Dungeon Crawl Stone Soup version 0.30.1-3-gfc49f6343a (webtiles) character file.

Game seed: 3741603093083812487

40235 Peloso the Fencer (level 13, 0/123 HPs)
             Began as a Minotaur Fighter on Aug 4, 2023.
             Was the Champion of Okawaru.
             Succumbed to a black mamba's poison
             ... on level 5 of the Lair of Beasts.
             The game lasted 00:34:52 (15583 turns).

Peloso the Fencer (Minotaur Fighter)               Turns: 15583, Time: 00:34:53

Health: 0/123      AC: 33    Str: 33    XL:     13   Next: 73%
Magic:  0/13       EV:  9    Int:  5    God:    Okawaru [******]
Gold:   838        SH: 10    Dex: 21    Spells: 12/12 levels left

rFire   + + .        b - +2 scimitar (flame)
rCold   + . .        d - +2 buckler
rNeg    . . .        u - +10 gold dragon scales "Etzochun" {*Slow rPois rF+ rC+ Str+3 Dex+3}
rPois   +            (helmet restricted)
rElec   .            Q - +2 cloak {Will+}
rCorr   +            (no gloves)
SInv    .            (no boots)
Will    ++...        i - amulet of guardian spirit Stlth
                     h - ring "Hetez" {rF+ Will+ rCorr Dex+6}
HPRegen 0.40/turn    O - ring "Adiegh" {rPois rCorr Str+6 Stlth-}
MPRegen 0.13/turn

%: slow self (1%), guardian spirit
@: lethally poisoned (0 -> -10), hasted and slowed
A: horns 2, retaliatory headbutt
a: Renounce Religion, Heroism, Finesse, Duel


You were on level 5 of the Lair of Beasts.
You worshipped Okawaru.
Okawaru was exalted by your worship.
You visited 3 branches of the dungeon, and saw 17 of its levels.
You also visited: Bailey and Gauntlet.

You collected 838 gold pieces.

Inventory:

Hand Weapons
 a - a +0 double sword of holy wrath
 b - a +2 scimitar of flaming (weapon)
Missiles
 E - 6 throwing nets (quivered)
Armour
 c - a +3 chain mail of willpower
 d - a +2 buckler (worn)
 u - the +10 gold dragon scales "Etzochun" (worn) {*Slow rPois rF+ rC+ Str+3 Dex+3}
   (You found it in a bailey)

   Str:       It affects your strength (+3).
   Dex:       It affects your dexterity (+3).
   rF:        It protects you from fire.
   rC:        It protects you from cold.
   rPois:     It protects you from poison.
   *Slow:     It may slow you when you take damage.
 K - the +1 cloak of the Poles {+Inv Int+4}
   (You found it on level 10 of the Dungeon)

   Int:       It affects your intelligence (+4).
   +Inv:      It lets you turn invisible.
 Q - a +2 cloak of willpower (worn)
Jewellery
 h - the ring "Hetez" (left hand) {rF+ Will+ rCorr Dex+6}
   (You acquired it on level 7 of the Dungeon)

   [ring of dexterity]

   Dex:       It affects your dexterity (+6).
   rF:        It protects you from fire.
   rCorr:     It protects you from acid and corrosion.
   Will:      It increases your willpower.
 i - an amulet of guardian spirit (around neck)
 l - a ring of ice
 s - a ring of magical power
 t - an amulet of faith
 w - a ring of ice
 x - a ring of flight
 y - a ring of positive energy
 O - the ring "Adiegh" (right hand) {rPois rCorr Str+6 Stlth-}
   (You found it in a Gauntlet)

   [ring of strength]

   Str:       It affects your strength (+6).
   rPois:     It protects you from poison.
   rCorr:     It protects you from acid and corrosion.
   Stlth:     It makes you less stealthy.
Wands
 r - a wand of polymorph (14)
 B - a wand of iceblast (9)
 D - a wand of mindburst (20)
 P - a wand of digging (4)
Scrolls
 m - a scroll of immolation
 n - 5 scrolls of enchant armour
 p - 4 scrolls of fog
 v - 2 scrolls of noise
 F - a scroll of amnesia
 J - a scroll of brand weapon
 M - 2 scrolls of silence
 N - a scroll of summoning
Potions
 e - 4 potions of mutation
 f - a potion of haste
 g - 5 potions of flight
 j - 3 potions of degeneration {unknown}
 k - 6 potions of curing
 o - 2 potions of attraction {unknown}
 q - a potion of berserk rage {unknown}
 z - a potion of brilliance
 A - 3 potions of cancellation {unknown}
 C - 4 potions of ambrosia {unknown}
 G - a potion of magic {unknown}
 H - a potion of experience {unknown}
 I - 2 potions of resistance {unknown}
 L - a potion of invisibility {unknown}
Miscellaneous
 R - a condenser vane


   Skills:
 + Level 13.7 Fighting
 + Level 17.9 Long Blades
 + Level 15.0 Armour
 + Level 3.8 Dodging
 + Level 1.3 Stealth
 + Level 13.9 Shields
 + Level 2.1 Invocations
 + Level 1.3 Evocations


You had 12 spell levels left.
You didn't know any spells.
Your spell library contained the following spells:

 Spells                   Type           Power      Damage    Failure   Level
 Blink                    Tloc           0%         N/A       100%        2
 Cigotuvi's Dreadful Rot  Necr/Pois/Air  0%         N/A       100%        2
 Ensorcelled Hibernation  Hex/Ice        0%         N/A       100%        2
 Frozen Ramparts          Ice            0%         1d1       100%        3
 Ignite Poison            Fire/Tmut/Pois 0%         N/A       100%        3
 Inner Flame              Hex/Fire       0%         N/A       100%        3
 Spider Form              Tmut/Pois      0%         N/A       100%        3
 Airstrike                Air            0%         2d(0-16)  100%        4
 Anguish                  Hex/Necr       0%         N/A       100%        4
 Cause Fear               Hex            0%         N/A       100%        4
 Flame Wave               Conj/Fire      0%         2d4       100%        4
 Ice Form                 Ice/Tmut       0%         N/A       100%        4
 Leda's Liquefaction      Hex/Erth       0%         N/A       100%        4
 Manifold Assault         Tloc           0%         N/A       100%        4
 Passage of Golubria      Tloc           0%         N/A       100%        4
 Sticky Flame             Conj/Fire      0%         2d3       100%        4
 Fireball                 Conj/Fire      0%         3d3       100%        5
 Freezing Cloud           Conj/Ice/Air   0%         6-21      100%        5
 Lee's Rapid Deconstruct  Erth           0%         3d4*      100%        5
 Silence                  Hex/Air        0%         N/A       100%        5
 Yara's Violent Unravell  Hex/Tmut       0%         3d3       100%        5
 Eringya's Noxious Bog    Tmut/Pois      0%         N/A       100%        6
 Statue Form              Tmut/Erth      0%         N/A       100%        6
 Enfeeble                 Hex            0%         N/A       100%        7
 Storm Form               Tmut/Air       0%         N/A       100%        7
 Tukima's Dance           Hex            Unusable   N/A       N/A         3
 Summon Ice Beast         Ice/Summ       Unusable   N/A       N/A         4

Dungeon Overview and Level Annotations

Branches:
Dungeon (12/15)            Temple (1/1) D:7            Lair (5/5) D:11
 Shoals (0/4) Lair:3          Orc (0/2) D:9          Bailey (visited)
Gauntlet (visited)
  Snake: Lair:2-3    Spider: Lair:2-3     Slime: Lair:4-5

Altars:
Ashenzari
Dithmenos
Elyvilon
Fedhas
Gozag
Hepliaklqana
Kikubaaqudgha
Makhleb
Nemelex Xobeh
Okawaru
Qazlal
Ru
Sif Muna
Trog
Uskayaw
Vehumet
Xom
Yredelemnul
Zin
The Shining One

Annotations:
D:3 1 runed translucent door, Crazy Yiuf
D:7 2 transporters


Innate Abilities, Weirdness & Mutations

You have a pair of horns on your head.
You reflexively headbutt those who attack you in melee.


Message History

The skyshark tail-slaps you but does no damage.
You slash the yak! You burn the yak.
You kill the yak!
Okawaru accepts your kill.
The black mamba bites you but does no damage.
The yak barely misses you. The skyshark bites you.
The skyshark tastes blood and grows stronger!
The skyshark completely misses you. The skyshark barely misses you.
The yak closely misses you. You furiously retaliate!
You headbutt the yak.
The yak gores the fungus!
The fungus begins to die.
You see here a yak corpse.
Unknown command.
Unknown command.
The black mamba attacks as you move away!
You block the black mamba's attack.
Unknown command.
You slash the black mamba! You burn the black mamba.
The black mamba is moderately wounded.
The black mamba bites you!
You feel yourself slow down.
You are poisoned.
The black mamba poisons you! You block the yak's attack.
You slash the black mamba! You burn the black mamba.
The black mamba is severely wounded.
You feel very sick. The black mamba closely misses you.
You furiously retaliate!
You headbutt the black mamba!
You kill the black mamba!
Okawaru accepts your kill.
Your Armour skill increases to level 15!
You hit the skyshark but do no damage. Your headbutt misses the skyshark.
You feel sick.
The dream sheep shake their wool and sparkle.
You feel drowsy...
You fall asleep.
The yak gores you but does no damage. The skyshark bites you!!!
You wake up.
* * * LOW HITPOINT WARNING * * *
The skyshark enters a blood-rage!
The skyshark closely misses you.
The skyshark tail-slaps you but does no damage.
You slash the skyshark! You burn the skyshark.
The skyshark is lightly wounded.
You die...

..........P..##.#
........P.....#.#
......YP........#
#.YYYY........!.
#YY.YY..........
#..YYY.......P..
#...##YYYY.)..P###
##. #Yl#.......#
##@#.#...<##
####.#..P..
.....P. ....## ...


You could see a skyshark (berserk), 5 elephants, 7 yaks and 3 dream sheep.

Vanquished Creatures
  A minotaur (Gauntlet)
  Harold (D:11)
  Fannar (D:10)
  A hydra (Lair:3)
  2 boulder beetles (D:12)
  4 two-headed ogres
  Erica (D:10)
  A catoblepas (Gauntlet)
  3 death yaks
  Nergalle (D:11)
  A skyshark (Lair:3)
  A fire crab (Gauntlet)
  An ugly thing (D:11)
  2 merfolk sirens (Lair:3)
  8 elephants
  2 torpor snails
  A molten gargoyle (Gauntlet)
  2 black mambas
  6 cane toads
  4 gargoyles
  8 komodo dragons
  A rime drake (D:11)
  4 trolls
  A queen bee (Gauntlet)
  4 polar bears
  2 merfolk (Lair:3)
  A hornet (D:8)
  Grinder (D:3)
  22 blink frogs
  A shadow (D:12)
  2 vampires
  3 wraiths
  2 fire bats (Gauntlet)
  6 wyverns
  2 basilisks
  24 yaks
  2 steam dragons
  2 vampire mosquitoes (D:12)
  Edmund (D:5)
  2 acid dragons
  9 water moccasins
  3 ice beasts
  3 sky beasts
  3 wolves (D:11)
  9 centaurs
  A phantom (D:5)
  3 kobold brigands
  2 gnoll sergeants
  7 bullfrogs
  5 scorpions
  19 killer bees
  A howler monkey (D:9)
  8 vampire bats (Bailey)
  5 wolf zombies (Bailey)
  4 jellies
  6 orc priests
  8 hounds
  2 gnoll boudas (D:8)
  An iguana (D:7)
  Ijyb (D:3)
  Terence (D:3)
  3 orc wizards
  15 gnolls
  5 adders
  A white imp (D:5)
  A dart slug (D:2)
  16 orcs
  9 ball pythons
  2 bats
  9 endoplasms
  4 giant cockroaches
  6 goblins
  7 hobgoblins
  10 jackals
  2 quokkas
  2 frilled lizards (D:1)
  35 kobolds
  18 orc zombies (Bailey)
  7 rats
388 creatures vanquished.

Vanquished Creatures (others)
  A kobold (D:10)
1 creature vanquished.

Grand Total: 389 creatures vanquished

Notes
Turn   | Place    | Note
-------+----------+-------------------------------------------
     0 | D:1      | Peloso the Minotaur Fighter began the quest for the Orb.
     0 | D:1      | Reached XP level 1. HP: 19/19 MP: 0/0
   115 | D:1      | Reached XP level 2. HP: 24/27 MP: 1/1
   394 | D:1      | Reached skill level 3 in Long Blades
   394 | D:1      | Reached XP level 3. HP: 23/33 MP: 2/2
  1266 | D:3      | Reached skill level 1 in Dodging
  1266 | D:3      | Reached XP level 4. HP: 15/40 MP: 3/3
  1470 | D:3      | Noticed Grinder
  1615 | D:3      | Killed Grinder
  1616 | D:3      | Reached skill level 4 in Long Blades
  1616 | D:3      | Reached skill level 5 in Armour
  1616 | D:3      | Reached XP level 5. HP: 29/47 MP: 4/4
  1616 | D:3      | Reached XP level 6. HP: 32/53 MP: 5/5
  1741 | D:3      | Found a runed translucent door.
  1742 | D:3      | Noticed Crazy Yiuf
  1924 | D:3      | Got Afairoif's Elucidation of Conduction and Conjuring
  2305 | D:3      | Noticed Ijyb
  2314 | D:3      | Killed Ijyb
  2315 | D:3      | Reached skill level 5 in Long Blades
  2580 | D:3      | Noticed Terence
  2585 | D:3      | Killed Terence
  3476 | D:4      | Reached XP level 7. HP: 60/60 MP: 6/6
  3620 | D:5      | Entered Level 5 of the Dungeon
  3621 | D:5      | Found a blossoming altar of Fedhas.
  3668 | D:5      | Reached skill level 5 in Fighting
  3668 | D:5      | Reached skill level 5 in Shields
  3838 | D:5      | Reached skill level 6 in Long Blades
  4188 | D:5      | Got Qoinkeq's Codex of the Noxious Curse
  4278 | D:5      | Noticed Edmund
  4486 | D:6      | Found a hide-covered altar of Uskayaw.
  4550 | D:6      | Noticed a yak
  4568 | D:6      | Reached skill level 7 in Long Blades
  4578 | D:5      | Killed a yak
  4579 | D:5      | Reached XP level 8. HP: 33/68 MP: 2/7
  4838 | D:6      | Found a shadowy altar of Dithmenos.
  5076 | D:6      | Found a burning altar of Makhleb.
  5082 | D:6      | Found an opulent altar of Gozag.
  5173 | D:7      | Reached skill level 8 in Long Blades
  5215 | D:7      | Identified a scroll of acquirement
  5215 | D:7      | Acquired the ring "Hetez" {rF+ Will+ rCorr Dex+6}
  5399 | D:7      | Found a shimmering blue altar of Sif Muna.
  5421 | D:7      | Found a staircase to the Ecumenical Temple.
  5472 | D:7      | Reached skill level 9 in Long Blades
  5710 | D:7      | Found a flagged portal.
  5757 | Bailey   | Entered a bailey
  5850 | Bailey   | Reached skill level 10 in Long Blades
  5893 | Bailey   | Reached XP level 9. HP: 72/78 MP: 8/8
  5959 | Bailey   | Noticed a gargoyle
  5969 | Bailey   | Killed a gargoyle
  5970 | Bailey   | Reached skill level 11 in Long Blades
  6095 | Bailey   | Identified the +10 gold dragon scales "Etzochun" {*Slow
                  | rPois rF+ rC+ Str+3 Dex+3}
  6410 | D:7      | Noticed a boulder beetle
  6418 | D:7      | Noticed a boulder beetle
  6421 | D:7      | Found a transporter.
  6518 | D:7      | Noticed a troll
  6710 | D:7      | Found a transporter.
  6819 | D:5      | Reached skill level 12 in Long Blades
  6995 | D:5      | Found a shimmering altar of Xom.
  7011 | D:5      | Killed Edmund
  7695 | D:8      | Reached skill level 1 in Stealth
  7698 | D:8      | Noticed a two-headed ogre
  7713 | D:8      | Killed a two-headed ogre
  7714 | D:8      | Reached skill level 13 in Long Blades
  7738 | Temple   | Entered the Ecumenical Temple
  7899 | Temple   | Became a worshipper of Warmaster Okawaru
  7959 | D:8      | Reached XP level 10. HP: 88/88 MP: 9/9
  8163 | D:8      | Found a white marble altar of Elyvilon.
  8182 | D:8      | Reached skill level 14 in Long Blades
  8622 | D:8      | Reached * piety under Okawaru
  9255 | D:9      | Found a staircase to the Orcish Mines.
  9709 | D:10     | Entered Level 10 of the Dungeon
  9741 | D:9      | Reached skill level 10 in Armour
  9744 | D:9      | Reached ** piety under Okawaru
  9993 | D:10     | Noticed Fannar
 10015 | D:10     | Killed Fannar
 10016 | D:10     | Reached skill level 15 in Long Blades
 10123 | D:10     | Identified the +1 cloak of the Poles {+Inv Int+4}
 10255 | D:10     | Reached *** piety under Okawaru
 10259 | D:10     | You are sucked into a shaft and drop 2 floors!
 10281 | D:12     | Noticed a gargoyle
 10302 | D:12     | Noticed a two-headed ogre
 10310 | D:12     | Killed a two-headed ogre
 10311 | D:12     | Reached XP level 11. HP: 86/97 MP: 8/10
 10328 | D:12     | Reached **** piety under Okawaru
 10587 | D:12     | Reached skill level 10 in Fighting
 10622 | D:12     | Noticed a boulder beetle
 10639 | D:12     | Noticed a boulder beetle
 10674 | D:12     | Reached skill level 10 in Shields
 10702 | D:12     | Killed a boulder beetle
 10731 | D:12     | Killed a boulder beetle
 10989 | D:10     | Noticed Erica
 11000 | D:10     | Killed Erica
 11016 | D:10     | Noticed a two-headed ogre
 11022 | D:10     | Killed a two-headed ogre
 11116 | D:10     | Reached skill level 16 in Long Blades
 11137 | D:10     | Noticed a two-headed ogre
 11147 | D:10     | Killed a two-headed ogre
 11147 | D:10     | Reached ***** piety under Okawaru
 11148 | D:10     | Reached skill level 1 in Invocations
 11345 | D:11     | Noticed Harold
 11351 | D:11     | Noticed a cyan ugly thing
 11353 | D:11     | Killed Harold
 11354 | D:11     | Reached skill level 1 in Evocations
 11361 | D:11     | Killed a cyan ugly thing
 11540 | D:11     | Reached XP level 12. HP: 110/110 MP: 11/11
 11651 | D:11     | Found a staircase to the Lair.
 11816 | D:11     | Noticed Nergalle
 11832 | D:11     | Killed Nergalle
 11832 | D:11     | Identified the +0 robe "Zeapie Yqimp" {*Corrode rPois
                  | Str+4} (Okawaru gifted it to you on level 11 of the
                  | Dungeon)
 11832 | D:11     | Received a gift from Okawaru
 12021 | Lair:1   | Entered Level 1 of the Lair of Beasts
 12477 | Lair:1   | Noticed a death yak
 12493 | Lair:1   | Killed a death yak
 13301 | Lair:2   | Found a gate leading to a gauntlet.
 13310 | Gauntlet | Entered a Gauntlet
 13310 | Gauntlet | Found a transporter.
 13310 | Gauntlet | Found a transporter.
 13314 | Gauntlet | Found a transporter.
 13317 | Gauntlet | Found a transporter.
 13317 | Gauntlet | Found a transporter.
 13335 | Gauntlet | Found a runed translucent gate.
 13336 | Gauntlet | Found a transporter.
 13336 | Gauntlet | Found a runed translucent gate.
 13338 | Gauntlet | Found a transporter.
 13340 | Gauntlet | Found a runed translucent gate.
 13383 | Gauntlet | Found a transporter.
 13386 | Gauntlet | Found a transporter.
 13386 | Gauntlet | Found a transporter.
 13397 | Gauntlet | Noticed a ghost crab
 13406 | Gauntlet | Found a transporter.
 13417 | Gauntlet | Found a transporter.
 13420 | Gauntlet | Noticed a hell beast
 13441 | Gauntlet | Found a transporter.
 13443 | Gauntlet | Noticed a catoblepas
 13448 | Gauntlet | Found a transporter.
 13645 | Gauntlet | Reached skill level 17 in Long Blades
 13786 | Gauntlet | Received a gift from Okawaru
 13790 | Gauntlet | Reached XP level 13. HP: 117/119 MP: 9/13
 13805 | Gauntlet | Identified the ring "Adiegh" {rPois rCorr Str+6 Stlth-}
 13834 | Gauntlet | Noticed a minotaur
 13848 | Gauntlet | Killed a minotaur
 14075 | Lair:2   | Identified the staff of air "Cauc" {rElec rN+}
 14760 | Lair:3   | Identified the +0 arbalest of Sloth {freeze, rC+} (Okawaru
                  | gifted it to you on level 3 of the Lair of Beasts)
 14760 | Lair:3   | Received a gift from Okawaru
 15257 | Lair:3   | Found a staircase to the Shoals.
 15368 | Lair:3   | Reached ****** piety under Okawaru
 15376 | Lair:3   | Received a gift from Okawaru
 15559 | Lair:3   | You fall into a shaft and drop 2 floors!
 15559 | Lair:5   | Entered Level 5 of the Lair of Beasts
 15582 | Lair:5   | Reached skill level 15 in Armour
 15582 | Lair:5   | HP: 1/123 [skyshark (50)]
 15583 | Lair:5   | Succumbed to a black mamba's poison

Illustrated notes

Levels and vault maps discovered:
D:1:      minmay_arrival_radiant_lines, layout_rooms
D:2:      minmay_skewed_foursquare, layout_loops_ring
D:3:      layout_basic, uniq_terence, uniq_ijyb, uniq_grinder,
          uniq_crazy_yiuf_cottage
D:4:      layout_loops_cross
D:5:      kennysheep_kobold_camp, layout_loops_ring, fedhas_altar_1,
          lemuel_tele_altar, uniq_edmund
D:6:      layout_cave_pools, minitemple, mainiacjoe_overflow_catwalk,
          lemuel_doored_altar, minmay_manual_mess
D:7:      gammafunk_the_bubble [the_bubble_gammafunk_grid], layout_basic,
          nicolae_sif_muna_condensation, minmay_temple_entry_arrows,
          enter_bailey_8
D:8:      layout_basic, mainiacjoe_overflow_24_doors
D:9:      layout_irregular_city, nicolae_overflow_hidden_temple, david_orc_3
D:10:     layout_cave_pools, uniq_fannar, uniq_erica
D:11:     layout_basic, hellmonk_lair_entry_icy, uniq_lodul, uniq_nergalle,
          uniq_harold
D:12:     layout_cave_pools
Temple:   hellmonk_temple_forest_ring
Lair:1:   layout_cave_pods, beast_lair_carwin_9
Lair:2:   layout_cave_pods, gauntlet_entry_generic, grunt_megastairs_2
Lair:3:   layout_regular_city, elwin_shoals_entry_stream,
          spider_nest_entry_web_field
Lair:5:   minmay_lair_end_enchanted_forest, layout_cave_pods

Skill      XL: |  1  2  3  4  5  6  7  8  9 10 11 12 13 |
---------------+----------------------------------------+-----
Armour         | 4 5 6 7 9 10 12 14 15 | 15.0
Long Blades    | 3 4 5 7 10 13 15 16 17 | 17.9
Shields        | 4 5 6 7 9 11 12 13 | 13.9
Fighting       | 4 5 6 7 9 11 12 13 | 13.7
Dodging        | 1 2 3 |  3.8
Stealth        | 1 |  1.3
Invocations    | 1 2 |  2.1
Evocations     | 1 |  1.3

Action                     |  1- 3 |  4- 6 |  7- 9 | 10-12 | 13-15 || total
---------------------------+-------+-------+-------+-------+-------++-------
  Melee: Long sword        |   121 |    96 |   372 |   368 |       ||   957
         Headbutt          |    14 |    17 |    71 |   181 |    72 ||   355
         Scimitar          |       |       |       |   304 |   236 ||   540
 Invoke: Heroism           |       |       |       |    14 |     1 ||    15
  Evoke: Wand              |       |       |     3 |     5 |       ||     8
    Use: Potion            |     4 |     1 |     3 |     5 |     1 ||    14
         Scroll            |     4 |       |    12 |     5 |       ||    21
 Armour: Scale mail        |    74 |     5 |       |       |       ||    79
         Chain mail        |       |    54 |   184 |       |       ||   238
         Gold dragon scale |       |       |    41 |   396 |   159 ||   596
  Dodge: Dodged            |    65 |    44 |   167 |   223 |    91 ||   590
  Block: Buckler           |    36 |    34 |   122 |   320 |   154 ||   666
